Map: Frozen Temple

Players

Amix

  • Race: Zerg Zerg
  • League: Platinum
  • Spawn Location: 11:00

A.I. 2 (Medium) - Winner!

  • Race: Zerg Zerg
  • Spawn Location: 5:00

VOD

Have the link to the VOD?

Description

Time

  • Played on: Nov. 16, 2016, 1:42 p.m.
  • Length: 4:03
Show
View Real Time Build Order
Export as new Build Order

Amix Zerg 

Build Orders: Pool Only 

Get SALT Encoding   

  12  0:01  Drone  
  13  0:22  Spawning Pool  
  13  0:26  Drone  
  13  0:30  Drone  
  14  0:38  Extractor  
  14  0:39  Drone  
  14  0:46  Overlord  
  14  1:10  Zergling x2  
  14  1:11  Zergling x4  
  17  1:13  Queen  
  19  1:22  Zergling x2  
  20  1:32  Zergling x2  
  21  1:37  Metabolic Boost  
  21  1:43  Zergling x2  
  22  1:59  Baneling Nest  
  22  2:00  Zergling x2  
  22  2:09  Overlord  
  21  2:24  Zergling x2  
  19  2:35  Zergling x6  
  22  2:43  Zergling x2  
  22  2:51  Zergling x2  
  23  3:08  Baneling  
  23  3:09  Baneling x4  
  17  3:45  Zergling x6  
Show
View Real Time Build Order
Export as new Build Order

A.I. 2 (Medium) Zerg - Winner!

Build Orders: Pool Only 

Get SALT Encoding   

  12  0:01  Drone  
  13  0:12  Overlord  
  13  0:17  Drone  
  14  0:30  Drone  
  14  0:33  Drone  
  16  0:44  Spawning Pool  
  16  0:45  Drone  
  16  0:49  Drone  
  17  0:52  Extractor  
  17  0:55  Drone  
  17  1:06  Overlord  
  17  1:31  Zergling x2  
  18  1:33  Queen  
  18  1:35  Roach Warren, Zergling x2  
  18  1:36  Extractor  
  18  1:38  Drone  
  20  1:49  Drone  
  20  1:50  Baneling Nest  
  20  2:00  Drone  
  21  2:10  Drone  
  20  2:21  Zergling x2  
  20  2:32  Zergling x2  
  21  2:40  Drone, Zergling x2  
  21  2:41  Queen  
  23  2:46  Zergling x2  
  23  2:50  Baneling x2  
  24  2:51  Zergling x2  
  24  2:59  Overlord  
  23  3:05  Zergling x2  
  24  3:16  Zergling x2  
  23  3:27  Zergling x2  
  23  3:37  Zergling x2  
  23  3:46  Baneling x2  
  16  3:48  Drone  
  16  3:51  Drone  
Tags
 
League
Platinum
Matchup
ZvZ
Race
Zerg
Spawn Locations
Cross Positions
Add a new tag
Caveats
  • Supply blocks, unpowered buildings, or Contaminate may cause inaccurate times.
  • Supply counts are checked every 10 seconds.